 Dungeon Crawl Stone Soup version 0.29.1-12-g30fa7ad0bf (webtiles) character file.

Game seed: 4305854294095312981

518 retardedninja the Chopper (level 7, -2/61 HPs)
             Began as a Hill Orc Fighter on Dec 12, 2022.
             Succumbed to Edmund's poison
             ... on level 4 of the Dungeon.
             The game lasted 00:07:14 (4670 turns).

retardedninja the Chopper (Hill Orc Fighter)        Turns: 4670, Time: 00:07:15

Health: -2/61      AC: 15    Str: 20 (21) XL:     7   Next: 21%
Magic:  7/7        EV:  7    Int:  7 (8)  God:
Gold:   222        SH:  9    Dex:  9 (10) Spells: 6/6 levels left

rFire   . . .      SeeInvis .   a - +1 war axe
rCold   + . .      Faith    .   c - +0 buckler
rNeg    . . .      Spirit   .   f - +0 chain mail
rPois   +          Reflect  +   (no helmet)
rElec   .          Harm     .   i - +0 cloak
rCorr   .          Rampage  .   g - +0 pair of gloves
Will    .....                   k - +2 pair of boots
Stlth   ..........              h - amulet of reflection
HPRegen 0.20/turn               (no ring)
MPRegen 0.10/turn               (no ring)

@: lethally poisoned (-2 -> -28), attractive
A: cold resistance 1, poison resistance
a: no special abilities


You were on level 4 of the Dungeon.
You visited 1 branch of the dungeon, and saw 5 of its levels.

You collected 222 gold pieces.

Inventory:

Hand Weapons
 a - a +1 war axe (weapon)
Missiles
 d - 2 silver javelins (quivered)
Armour
 c - a +0 buckler (worn)
 f - a +0 chain mail (worn)
 g - a +0 pair of gloves (worn)
 i - a +0 cloak (worn)
 k - a +2 pair of boots (worn)
Jewellery
 h - an amulet of reflection (around neck)
Wands
 b - a wand of digging (5)
 v - a wand of quicksilver (5)
 w - a wand of mindburst (22)
Scrolls
 e - 4 scrolls of teleportation
 j - 2 scrolls of enchant armour
Potions
 l - a potion of mutation
 o - a potion of haste {unknown}
 p - 2 potions of flight


   Skills:
 + Level 5.0 Fighting
 + Level 6.5 Axes
 * Level 1.2 Throwing
 + Level 4.6 Armour
 - Level 0.3 Dodging
 + Level 4.5 Shields
 * Level 1.4 Evocations


You had 6 spell levels left.
You didn't know any spells.
Your spell library contained the following spells:

 Spells                   Type           Power      Damage    Failure   Level
 Blink                    Tloc           0%         N/A       100%        2
 Ensorcelled Hibernation  Hex/Ice        0%         N/A       100%        2
 Passwall                 Tmut/Erth      0%         N/A       100%        2
 Poisonous Vapours        Pois/Air       0%         N/A       100%        2
 Swiftness                Air            0%         N/A       100%        3
 Corpse Rot               Necr/Pois/Air  0%         N/A       100%        4
 Manifold Assault         Tloc           0%         N/A       100%        5
 Storm Form               Tmut/Air       0%         N/A       100%        7


Dungeon Overview and Level Annotations

Branches:
Dungeon (5/15)
 Temple: D:4-7

Altars:
Ashenzari
Makhleb

Shops:
D:1 [

Annotations:
D:3 1 runed translucent door, xian's ghost, weakling KoBr
D:4 Edmund


Innate Abilities, Weirdness & Mutations

Your flesh is cold resistant. (rC+)
Your system is resistant to poisons. (rPois)


Message History

You feel sick.
Edmund hits you with a +2 flail of venom.
* * * LOW HITPOINT WARNING * * *
You are lethally poisoned!
You barely miss Edmund.
Edmund is heavily wounded.
* * * LOW HITPOINT WARNING * * *
You feel very sick. Edmund hits you but does no damage.
You are more poisoned.
You block Edmund's attack.
You feel much better.
You feel very sick.
Edmund hits you with a +2 flail of venom!
* * * LOW HITPOINT WARNING * * *
You are more poisoned.
You feel much better.
You feel very sick. Edmund hits you but does no damage.
You are lethally poisoned!
It was a potion of mutation.
You feel extremely strange.
You feel resistant to cold.
You feel resistant to poisons.
You feel extremely sick. Edmund hits you but does no damage.
It was a potion of degeneration.
There was something very wrong with that liquid.
You feel weakened.
You feel dopey.
You feel clumsy.
You feel very sick.
Edmund hits you with a +2 flail of venom.
* * * LOW HITPOINT WARNING * * *
You are more poisoned.
It was a potion of attraction.
You feel attractive to monsters.
* * * LOW HITPOINT WARNING * * *
You feel extremely sick.
Edmund hits you with a +2 flail of venom.
* * * LOW HITPOINT WARNING * * *
It was a potion of cancellation.
Your magical effects are unravelling.
You feel magically purged.
You die...

##.##########.......#
# #.## #.......######
# #..# #.......# #
##.# #.......# # #.#
#.......# #
#.####.......# #####
#.##h...###### #....
#.##@#### #.#..
#..)@# #..#. ####รท#
#...# ###### #.#
#.#.. .....# #.#
##.... .....# #.#
#..... .....# #.#
##...# .....# #.#
#..#. .....# #.#
#...# ###### #.#
#####....


You could see Edmund and a jackal.

Vanquished Creatures
  Duvessa (D:4)
  A scorpion (D:4)
  Dowan (D:4)
  2 orc priests
  Ijyb (D:3)
  3 orc wizards
  6 adders
  4 worms
  3 dart slugs
  8 orcs
  7 ball pythons
  8 bats
  7 endoplasms
  5 giant cockroaches
  10 goblins
  5 hobgoblins
  7 jackals
  4 quokkas
  4 frilled lizards
  5 kobolds
  7 rats
99 creatures vanquished.

Vanquished Creatures (others)
  5 fungi (D:1)
  7 plants (D:1)
12 creatures vanquished.

Grand Total: 111 creatures vanquished

Notes
Turn   | Place    | Note
-------+----------+-------------------------------------------
     0 | D:1      | retardedninja the Hill Orc Fighter began the quest for the
                  | Orb.
     0 | D:1      | Reached XP level 1. HP: 19/19 MP: 1/1
   197 | D:1      | Reached XP level 2. HP: 26/27 MP: 2/2
   217 | D:1      | Found Xoxzocw's Antique Armour Shop.
   367 | D:1      | Reached skill level 3 in Axes
   574 | D:1      | Reached XP level 3. HP: 26/33 MP: 3/3
   661 | D:1      | Found a faded altar of an unknown god.
  1085 | D:2      | Reached XP level 4. HP: 38/40 MP: 4/4
  1307 | D:2      | Found a burning altar of Makhleb.
  1320 | D:2      | Reached skill level 4 in Axes
  1597 | D:3      | Reached XP level 5. HP: 45/47 MP: 5/5
  1846 | D:3      | Reached skill level 5 in Axes
  2024 | D:3      | Noticed Ijyb
  2033 | D:3      | Killed Ijyb
  2293 | D:3      | Found a runed translucent door.
  2333 | D:3      | Reached XP level 6. HP: 55/55 MP: 6/6
  2351 | D:3      | Noticed xian's ghost (weakling KoBr)
  3358 | D:4      | Noticed Duvessa
  3358 | D:4      | Noticed Dowan
  3360 | D:4      | Killed Dowan
  3370 | D:4      | Killed Duvessa
  3371 | D:4      | Reached skill level 6 in Axes
  3670 | D:4      | Found a broken altar of Ashenzari.
  3688 | D:4      | Reached skill level 1 in Evocations
  4258 | D:5      | Entered Level 5 of the Dungeon
  4294 | D:5      | Noticed Edmund
  4320 | D:4      | Reached skill level 5 in Fighting
  4320 | D:4      | Reached skill level 1 in Throwing
  4320 | D:4      | Reached XP level 7. HP: 20/61 MP: 7/7
  4667 | D:4      | Gained mutation: Your flesh is cold resistant. (rC+)
                  | [potion of mutation]
  4667 | D:4      | Gained mutation: Your system is resistant to poisons.
                  | (rPois) [potion of mutation]
  4670 | D:4      | Succumbed to Edmund's poison

Illustrated notes

Levels and vault maps discovered:
D:1:      dpeg_arrival_simpleton_c, layout_loops_ring, serial_shops,
          shop_fountains, shapermc_ecumenical_altar_mp_urbaneastern
D:2:      layout_rooms, basic_altar, kennysheep_generic_room_8
D:3:      minmay_razor_zed, layout_loops_ring, hellmonk_ghost_happy_afterlife,
          chequers_serial_rivers_marsh, hangedman_decor_push, uniq_ijyb
D:4:      layout_basic, lemuel_crystal_altar, hangedman_decor_opposing,
          due_unseen_surprise, uniq_duvessa
D:5:      layout_cave_pools, nicolae_ru_path_of_blood, lemuel_crystal_altar,
          minmay_temple_entry_statues_fountains, uniq_edmund

Skill      XL: |  1  2  3  4  5  6 |
---------------+-------------------+-----
Axes           | 3 4 5 6 |  6.5
Fighting       | 4 5 |  5.0
Shields        | 4 |  4.5
Armour         | 4 |  4.6
Evocations     | 1 |  1.4
Throwing       | 1 |  1.2
Dodging        | |  0.3

Action                   |  1- 3 |  4- 6 |  7- 9 || total
-------------------------+-------+-------+-------++-------
Melee: War axe           |    93 |   161 |    23 ||   277
Throw: Javelin           |       |     4 |       ||     4
  Use: Scroll            |       |    10 |       ||    10
       Potion            |       |     2 |    11 ||    13
Armor: Scale mail        |     6 |       |       ||     6
       Chain mail        |    37 |   107 |    31 ||   175
Dodge: Dodged            |    20 |    47 |    14 ||    81
Block: Buckler           |    38 |    90 |    19 ||   147
       Reflection        |     1 |     4 |       ||     5
